 Dungeon Crawl Stone Soup version 0.25.1-2-g60ff931df9 (webtiles) character file.

Game seed: 15726910049871699636

163 Descartes the Shield-Bearer (level 5, -1/41 HPs)
             Began as a Formicid Fighter on Aug 2, 2020.
             Slain by a worker ant (6 damage)
             ... on level 3 of the Dungeon.
             The game lasted 00:02:22 (2586 turns).

Descartes the Shield-Bearer (Formicid Fighter)      Turns: 2586, Time: 00:02:22

Health: -1/41      AC:  6    Str: 21    XL:     5   Next: 72%
Magic:  5/5        EV:  9    Int:  8    God:
Gold:   125        SH: 10    Dex: 10    Spells: 4/4 levels left

rFire    . . .     SeeInvis +   a - +0 long sword
rCold    . . .     Gourm    .   c - +0 kite shield
rNeg     . . .     Faith    .   b - +0 scale mail
rPois    .         Spirit   .   (helmet unavailable)
rElec    .         Reflect  .   (no cloak)
rCorr    .         Harm     .   (no gloves)
MR       .....                  (no boots)
Stlth    ..........             (no amulet)
HPRegen  0.13/turn              (no ring)
MPRegen  0.09/turn              (no ring)

@: lethally poisoned (-1 -> -2)
A: permanent stasis, dig shafts and tunnels, four strong arms, antennae 3
a: Dig, Shaft Self


You were on level 3 of the Dungeon.
You were hungry.

You visited 1 branch of the dungeon, and saw 3 of its levels.

You collected 125 gold pieces.

Inventory:

Hand Weapons
 a - a +0 long sword (weapon)
Missiles
 e - 120 stones (quivered)
 j - a throwing net
 m - 9 arrows
Armour
 b - a +0 scale mail (worn)
 c - a +0 kite shield (worn)
Scrolls
 g - a scroll of identify {unknown}
 i - 2 scrolls of random uselessness {unknown}
 o - 5 scrolls of remove curse {unknown}
Potions
 d - a potion of might
 h - a potion of haste {unknown}
 k - 3 potions of curing {unknown}
 l - a potion of berserk rage {unknown}
 n - a potion of mutation {unknown}
 p - a potion of brilliance {unknown}
Comestibles
 f - 6 rations


   Skills:
 - Level 3.2 Fighting
 - Level 2.0 Long Blades
 - Level 3.2 Armour
 + Level 7.2 Shields


You had 4 spell levels left.
You didn't know any spells.
Your spell library was empty.

Dungeon Overview and Level Annotations

Branches:
Dungeon (3/15)

Altars:
Makhleb


Innate Abilities, Weirdness & Mutations

You cannot be hasted, slowed, berserked, paralysed or teleported.
You can dig through walls and to a lower floor.
Your four strong arms can wield two-handed weapons with a shield.
You have a pair of large antennae on your head. (SInv)


Message History

The worker ant is moderately wounded.
You slash the worker ant!
The worker ant is almost dead.
You block the hound's attack. The worker ant barely misses you.
You block the hound's attack.
You hit the worker ant but do no damage.
The worker ant is almost dead.
You feel sick. You block the worker ant's attack. The hound barely misses you.
You riposte.
You closely miss the hound. The hound bites you but does no damage.
The worker ant bites you.
* * * LOW HITPOINT WARNING * * *
You completely miss the worker ant.
The worker ant is almost dead.
The hound closely misses you. You block the worker ant's attack.
The hound bites you but does no damage.
You hit the worker ant but do no damage.
The worker ant is almost dead.
You block the worker ant's attack. The hound closely misses you.
The worker ant bites you.
You die...

#.# #.# #.#
#.# ... #.#
#h# #@# #a# #
####.#.#.#
#........#
#...#....#
#.†#.#...#
#.#._.#.## ##
#.a#.#..#
#......(#....#


You could see a hound and a worker ant.

Vanquished Creatures
  A hound (D:2)
  A worker ant (D:2)
  6 adders
  2 oozes (D:2)
  A worm (D:3)
  An orc (D:3)
  2 giant cockroaches (D:1)
  5 goblins
  4 hobgoblins
  3 jackals (D:1)
  2 kobolds
  A quokka (D:3)
  A ball python (D:2)
  7 bats
  5 frilled lizards
  5 rats
47 creatures vanquished.

Notes
Turn   | Place    | Note
-------+----------+-------------------------------------------
     0 | D:1      | Descartes the Formicid Fighter began the quest for the Orb.
     0 | D:1      | Reached XP level 1. HP: 18/18 MP: 1/1
   185 | D:1      | Reached skill level 4 in Shields
   270 | D:1      | Reached XP level 2. HP: 24/24 MP: 2/2
  1174 | D:2      | Reached skill level 5 in Shields
  1174 | D:2      | Reached XP level 3. HP: 29/29 MP: 3/3
  1269 | D:2      | Found a burning altar of Makhleb.
  1275 | D:2      | Reached XP level 4. HP: 35/35 MP: 4/4
  1315 | D:2      | Reached skill level 6 in Shields
  1510 | D:2      | Reached XP level 5. HP: 30/41 MP: 5/5
  2498 | D:3      | Reached skill level 7 in Shields
  2566 | D:3      | Found a faded altar of an unknown god.
  2586 | D:3      | Slain by a worker ant

Illustrated notes

Levels and vault maps discovered:
D:1:      dpeg_arrival_arbitrary_a, layout_basic
D:2:      layout_basic, makhleb_heckhound_becter, grunt_ministairs_1,
          minmay_pentomino_x4
D:3:      layout_loops_ring, serial_glass, glass_columns_b, glass_columns_b,
          glass_columns_a, glass_columns_a, glass_columns_a, glass_columns_a,
          chequers_ecumenical_altar_simple_redux

Skill      XL: |  1  2  3  4  5 |
---------------+----------------+-----
Shields        | 4 5 6 7 |  7.2
Fighting       | |  3.2
Long Blades    | |  2.0
Armour         | |  3.2

Action                   |  1- 3 |  4- 6 || total
-------------------------+-------+-------++-------
Melee: Long sword        |    68 |   127 ||   195
  Eat: Chunk             |     1 |     4 ||     5
Armor: Scale mail        |    41 |    53 ||    94
Dodge: Dodged            |    34 |    57 ||    91
Block: Kite shield       |    50 |    99 ||   149
       Rpst.: Long sword |    10 |    17 ||    27
